 Dungeon Sprint DCSS version 0.32-a0-350-g4f4d228785 (webtiles) character file.

Game seed: 14862123347071568128

2861 rocky1 the Basher (level 9, -13/90 HPs)
             Began as a Mountain Dwarf Reaver on Feb 18, 2024.
             Was a High Priest of Okawaru.
             Mangled by a bog body (29 damage)
             ... in the Dungeon (Sprint VII: "The Pits").
             The game lasted 00:05:32 (1451 turns).

rocky1 the Basher (Mountain Dwarf Reaver)           Turns: 1451, Time: 00:05:33

Health: -13/90     AC: 16    Str: 19    XL:     9   Next: 47%
Magic:  19/19      EV:  8    Int: 17    God:    Okawaru [*****.]
Gold:   0          SH:  0    Dex: 11    Spells: 17/21 levels left

rFire   . . .        q - +4 dire flail (heavy)
rCold   . . .        (shield currently unavailable)
rNeg    . . .        v - +4 chain mail
rPois   .            (no helmet)
rElec   .            w - +0 cloak
rCorr   .            (no gloves)
SInv    .            (no boots)
Will    .....        (no amulet) Stlth
                     r - +3 ring of dexterity
HPRegen 0.35/turn    s - +3 ring of intelligence
MPRegen 0.16/turn

%: no teleportation
@: no status effects
A: runic magic, artefact enchanting
a: Renounce Religion, Heroism, Finesse


You were in the Dungeon.
You worshipped Okawaru.
Okawaru was extremely pleased with you.
You visited 1 branch

Inventory:

Hand Weapons
 q - a +4 heavy dire flail (weapon)
 u - a +2 morningstar of protection
 x - a +1 broad axe of freezing
Armour
 v - a +4 chain mail (worn)
 w - a +0 cloak (worn)
Jewellery
 r - a +3 ring of dexterity (left hand)
 s - a +3 ring of intelligence (right hand)
Scrolls
 j - 2 scrolls of vulnerability
 k - 5 scrolls of amnesia
 l - a scroll of summoning
Potions
 c - 8 potions of curing
 d - 5 potions of heal wounds
 e - a potion of haste
 f - 4 potions of magic
 g - a potion of berserk rage
 i - 2 potions of invisibility
 t - a potion of brilliance


   Skills:
 * Level 12.0 Fighting
 * Level 13.3 Maces & Flails
 + Level 8.5 Armour
 - Level 1.3 Dodging
 + Level 6.7 Spellcasting
 + Level 7.5 Conjurations
 + Level 4.5 Ice Magic
 + Level 9.7 Invocations


You had 17 spell levels left.
You knew the following spells:

 Your Spells              Type           Power      Damage    Failure   Level
a - Kiss of Death         Conj/Necr      72%        2d10      4%          1
b - Hailstorm             Conj/Ice       26%        3d7       4%          3

Your spell library contained the following spells:

 Spells                   Type           Power      Damage    Failure   Level
 Momentum Strike          Conj/Tloc      36%        3d9       6%          2


Dungeon Overview and Level Annotations

Branches:
Dungeon (1/1)

Altars:
Ashenzari
Cheibriados
Dithmenos
Elyvilon
Fedhas
Gozag
Hepliaklqana
Kikubaaqudgha
Makhleb
Nemelex Xobeh
Okawaru
Qazlal
Ru
Sif Muna
Trog
Uskayaw
Vehumet
Wu Jian
Xom
Yredelemnul
Zin
The Shining One
Beogh
Jiyva
Lugonu


Innate Abilities, Weirdness & Mutations

Your spellcasting is much less encumbered by armour.
You can use scrolls of enchantment on lesser artefacts.


Message History

Okawaru accepts your kill.
Things that are here:
a +0 dagger; a +0 robe; a human corpse Your extra speed is starting to run out.
A shadow comes into view.
A ghoul comes into view.
A bog body comes into view.
You barely miss the shadow. You sock the shadow!
The shadow is heavily damaged.
The shadow closely misses you.
You closely miss the shadow.
The shadow is heavily damaged.
The shadow closely misses you.
You hit the shadow.
The shadow is severely damaged.
You feel yourself slow down.
You closely miss the shadow.
The shadow is severely damaged.
The shadow slips into darkness.
The shadow flickers and vanishes!
Deactivating autopickup; reactivate with Ctrl-A.
You closely miss something. You barely miss the ghoul.
The shadow strikes at you from the darkness!
Reactivating autopickup.
You closely miss the ghoul. The ghoul barely misses you. The ghoul claws you.
The shadow hits you.
You bludgeon the ghoul!!
The ghoul is lightly damaged.
The ghoul claws you but does no damage. x2
You closely miss the ghoul.
The ghoul is lightly damaged.
The ghoul barely misses you. The ghoul claws you!!
* * * LOW HITPOINT WARNING * * *
Unknown command.
You feel much better. The bog body touches you!
* * * LOW HITPOINT WARNING * * *
The bog body freezes you!!
You die...

#++##########
#.....n......
#....@nW.....
#..##########
#..# #..# ###
#..# ..# #..#
..# #..# †.#
#..#
..##########).#


You could see a ghoul, a bog body and a shadow.

Vanquished Creatures
  A two-headed ogre (D)
  A necromancer (D)
  A large abomination (D)
  A tyrant leech (D)
  A merfolk (D)
  Grinder (D)
  A jumping spider (D)
  A redback (D)
  Edmund (D)
  A swamp drake (D)
  A centaur (D)
  A brain worm (D)
  A kobold brigand (D)
  A killer bee (D)
  A quasit (D)
  A jelly (D)
  An iron imp (D)
  Jessica (D)
  A gnoll (D)
  An adder (D)
  An ufetubus (D)
  An adder skeleton (D)
  A ball python (D)
  A bat zombie (D)
  A hobgoblin (D)
  2 jackals (D)
  A kobold (D)
  2 quokkas (D)
  A ball python simulacrum (D)
  2 frilled lizards (D)
  A quokka skeleton (D)
  A quokka zombie (D)
  2 rats (D)
37 creatures vanquished.

Notes
Turn   | Place    | Note
-------+----------+-------------------------------------------
     0 | D        | rocky1 the Mountain Dwarf Reaver began the quest for the
                  | Orb.
     0 | D        | Reached XP level 1. HP: 17/17 MP: 3/3
    48 | D        | Found a bloodstained altar of Trog.
    48 | D        | Found a shimmering blue altar of Sif Muna.
    48 | D        | Found a viscous altar of Jiyva.
    48 | D        | Found a hazy altar of Hepliaklqana.
    48 | D        | Found an opulent altar of Gozag.
    49 | D        | Found a glowing golden altar of the Shining One.
    49 | D        | Found a glowing silver altar of Zin.
    49 | D        | Found a basalt altar of Yredelemnul.
    49 | D        | Found a shimmering altar of Xom.
    49 | D        | Found an ornate altar of the Wu Jian Council.
    49 | D        | Found a sacrificial altar of Ru.
    49 | D        | Found a stormy altar of Qazlal.
    49 | D        | Found an iron altar of Okawaru.
    49 | D        | Found a sparkling altar of Nemelex Xobeh.
    49 | D        | Found a burning altar of Makhleb.
    49 | D        | Found a blossoming altar of Fedhas.
    49 | D        | Found a white marble altar of Elyvilon.
    49 | D        | Found a shadowy altar of Dithmenos.
    49 | D        | Found a snail-covered altar of Cheibriados.
    51 | D        | Found a radiant altar of Vehumet.
    51 | D        | Found a corrupted altar of Lugonu.
    51 | D        | Found a roughly hewn altar of Beogh.
    52 | D        | Found a hide-covered altar of Uskayaw.
    52 | D        | Found an ancient bone altar of Kikubaaqudgha.
    52 | D        | Found a broken altar of Ashenzari.
    57 | D        | Became a worshipper of Warmaster Okawaru
    85 | D        | Reached skill level 4 in Maces & Flails
    88 | D        | Reached skill level 1 in Armour
    94 | D        | Reached skill level 1 in Invocations
   154 | D        | Reached XP level 2. HP: 26/26 MP: 5/5
   162 | D        | Noticed Jessica
   172 | D        | Killed Jessica
   173 | D        | Reached skill level 5 in Maces & Flails
   173 | D        | Reached XP level 3. HP: 6/33 MP: 6/6
   435 | D        | Noticed a centaur
   439 | D        | Noticed a brain worm
   454 | D        | Killed a centaur
   454 | D        | Reached * piety under Okawaru
   455 | D        | Reached skill level 5 in Fighting
   455 | D        | Reached skill level 6 in Maces & Flails
   455 | D        | Reached XP level 4. HP: 39/44 MP: 5/9
   458 | D        | Reached skill level 7 in Maces & Flails
   458 | D        | Reached XP level 5. HP: 45/50 MP: 5/10
   467 | D        | Reached skill level 8 in Maces & Flails
   467 | D        | Reached skill level 5 in Invocations
   666 | D        | Reached XP level 6. HP: 55/60 MP: 12/12
   683 | D        | Noticed Edmund
   691 | D        | Killed Edmund
   692 | D        | Reached skill level 9 in Maces & Flails
   692 | D        | Reached skill level 5 in Armour
   692 | D        | Reached skill level 5 in Conjurations
   705 | D        | Noticed a redback
   712 | D        | Killed a redback
   713 | D        | Reached skill level 10 in Maces & Flails
   713 | D        | Reached skill level 5 in Spellcasting
   713 | D        | Reached XP level 7. HP: 38/69 MP: 12/14
  1254 | D        | Learned a level 3 spell: Hailstorm
  1271 | D        | Noticed Grinder
  1271 | D        | Noticed a merfolk
  1276 | D        | Killed Grinder
  1276 | D        | Reached ** piety under Okawaru
  1277 | D        | Reached skill level 1 in Ice Magic
  1277 | D        | Noticed a tyrant leech
  1302 | D        | Killed a merfolk
  1303 | D        | Reached skill level 11 in Maces & Flails
  1303 | D        | Reached XP level 8. HP: 73/79 MP: 13/16
  1307 | D        | Killed a tyrant leech
  1308 | D        | Reached skill level 10 in Fighting
  1326 | D        | Noticed a two-headed ogre
  1326 | D        | Noticed a jumping spider
  1330 | D        | Killed a jumping spider
  1335 | D        | Killed a two-headed ogre
  1335 | D        | Reached *** piety under Okawaru
  1335 | D        | Reached **** piety under Okawaru
  1336 | D        | Reached skill level 12 in Maces & Flails
  1336 | D        | Reached XP level 9. HP: 71/89 MP: 16/18
  1393 | D        | Noticed a large abomination
  1393 | D        | Noticed a necromancer
  1409 | D        | Killed a large abomination
  1421 | D        | Killed a necromancer
  1421 | D        | Reached ***** piety under Okawaru
  1422 | D        | Reached skill level 13 in Maces & Flails
  1439 | D        | Noticed a ghoul
  1440 | D        | Noticed a bog body
  1451 | D        | Mangled by a bog body

Illustrated notes

Levels and vault maps discovered:
D:        pitsprint [storerooms_1, entrance_room_1, metal_vault_5, armoury_1,
          mini_pit_1, grid_room_1, main_hall_1, silver_pit, the_coven_3,
          the_vestibule_1, steel_vault_5, golden_pit, hallway_of_sentries,
          crystal_vault_6, iron_vault_2, final_vault]

Skill      XL: |  1  2  3  4  5  6  7  8  9 |
---------------+----------------------------+-----
Maces & Flails | 4 5 6 7 8 10 11 12 13 | 13.3
Spellcasting   | 2 3 4 5 6 |  6.7
Armour         | 1 2 3 4 6 7 8 |  8.5
Fighting       | 3 4 5 7 8 9 11 12 | 12.0
Invocations    | 1 2 4 5 6 7 8 9 |  9.7
Conjurations   | 3 4 5 6 7 |  7.5
Ice Magic      | 2 3 4 |  4.5
Dodging        | |  1.3

Action                     |  1- 3 |  4- 6 |  7- 9 || total
---------------------------+-------+-------+-------++-------
  Melee: Mace              |    40 |       |       ||    40
         Flail             |     9 |    47 |       ||    56
         Dire flail        |       |     5 |    71 ||    76
 Invoke: Heroism           |       |     1 |     1 ||     2
    Use: Potion            |     3 |     2 |     5 ||    10
         Scroll            |       |       |     1 ||     1
 Armour: Leather armour    |    29 |       |       ||    29
         Chain mail        |    13 |    39 |    78 ||   130
  Dodge: Dodged            |    39 |    23 |    46 ||   108

Table legend: (Time is in decaauts)
 A = Elapsed time spent in this place.
 B = Non-inter-level travel time spent in this place.
 C = Inter-level travel time spent in this place.
 D = Time resting spent in this place.
 E = Time spent auto-exploring this place.
 F = Levels seen in this place.
 G = Mean time per level.
                   A        B        C        D        E       F      G
               +--------+--------+--------+--------+--------+-----+--------+
         Total |   1448 |   1383 |     65 |    872 |      0 |   1 | 1448.0 |
       Dungeon |   1448 |   1383 |     65 |    872 |      0 |   1 | 1448.0 |
               +--------+--------+--------+--------+--------+-----+--------+

Top non-repeatable levels by time:
       D: 1448 daAuts
